 Dungeon Crawl Stone Soup version 0.15-a0-1460-g25b44b8 (console) character file.

251 Hector the Basher (level 5, -4/42 HPs)
             Began as a Minotaur Gladiator on June 12, 2014.
             Killed from afar by an orc wizard (10 damage)
             ... with a puff of flame
             ... on Level 3 of the Dungeon on June 13, 2014.
             The game lasted 00:10:07 (2399 turns).

Hector the Basher (Minotaur Gladiator)              Turns: 2399, Time: 00:10:07

HP  -4/42        AC 12     Str 19      XL: 5   Next: 88%
MP   2/2         EV  5     Int  5      God:
Gold 52          SH  0     Dex 12      Spells:  0 memorised,  4 levels left

rFire  . . .     SeeInvis .     a - +0 flail
rCold  . . .     Clarity  .     d - +1 plate armour
rNeg   . . .     rCorr    .     (no shield)
rPois  .         rRot     .     h - +0 hat
rElec  .         Spirit   .     m - +0 cloak
SustAb .         Warding  .     (no gloves)
rMut   .         Stasis   .     (no boots)
Gourm  .                        t - cursed amulet of inaccuracy
MR     .....                    (no ring)
                                (no ring)

@: not resistant to hostile enchantments, extremely unstealthy
A: retaliatory headbutt, horns 2
a: no special abilities


You were on level 3 of the Dungeon.
You were hungry.

You visited 1 branch of the dungeon, and saw 3 of its levels.

You collected 52 gold pieces.

Inventory:

Hand weapons
 a - a +0,+0 flail (weapon)
 b - a +0,+0 sling
 k - a +0,+0 sling
 n - a +0,+5 mace
 p - a +0,+0 short sword of flaming
 y - a +0,+0 sling
 J - a +0,+0 mace of pain
Missiles
 e - 108 stones
 j - 3 throwing nets (quivered)
 o - 26 arrows
 q - 15 poisoned bolts
Armour
 d - a +1 plate armour (worn)
 h - a +0 hat (worn)
 i - a +0 plate armour
 m - a +0 cloak (worn)
 w - a +0 leather armour
Magical devices
 D - a wand of cold (7)
Comestibles
 f - 2 bread rations
 r - 2 rotting chunks of worm flesh
 u - a meat ration
 x - a chunk of adder flesh
 z - a chunk of rat flesh
 A - 2 chunks of goblin flesh
 B - 3 fruits
Jewellery
 t - a cursed amulet of inaccuracy (around neck)
Potions
 c - 2 potions of lignification {unknown}
 v - a potion of paralysis
 C - a potion of invisibility {unknown}
 E - a potion of haste {unknown}
 F - a potion of cure mutation {unknown}
 G - a potion of restore abilities {unknown}
Miscellaneous
 g - a plain deck of defence


   Skills:
 - Level 2.4 Fighting
 + Level 8.0 Maces & Flails
 - Level 2.0 Throwing
 - Level 3.2 Dodging


You had 4 spell levels left.
You didn't know any spells.

Dungeon Overview and Level Annotations

Branches:
Dungeon (3/15)

Altars:
Nemelex Xobeh


Innate Abilities, Weirdness & Mutations

You reflexively headbutt those who attack you in melee.
You have a pair of horns on your head.


Message History

Deactivating autopickup; reactivate with Ctrl-A.
Your plate armour prevents you from hitting the orc.
Your headbutt misses the orc. You sock the orc!
You kill the orc!
You miss the orc. The orc closely misses you.
You closely miss the orc. The orc closely misses you.
You are feeling hungry.
You closely miss the orc. The orc hits you but does no damage.
You thump the orc!
You kill the orc!
You completely miss something. Something hits you but does no damage.
You hit something. Your headbutt misses something.
You hear the brisk rusting of a drain, a long way away.
You hear some strange, mumbled words.
The magic dart hits you!
You miss something. You headbutt something.
You hear some strange, mumbled words.
The puff of flame hits you!
You die...

. . .. #.. .# .###. .#+#..
.##........ ....... ...........
........ ..........# #.......#
.#......o.#
.#.......###.#........#
).........)@.#........# #
#.......####........#####
#####.###......# #.............
...............# #.o##..#.#####
...######....### #.###..#+##
...######.)########o........#
...+.........o.S..o.........#
...######.o.....###o..........#
.### ###.##..# #.........#.#


There were no monsters in sight!

Vanquished Creatures
  A phantom (D:3)
  An orc priest (D:3)
  Ijyb (D:2)
  3 adders
  3 worms (D:2)
  An ooze (D:1)
  6 orcs
  A ball python (D:1)
  5 hobgoblins
  6 jackals (D:2)
  10 kobolds
  7 bats
  3 giant newts (D:2)
  14 goblins
  6 rats
68 creatures vanquished.

Notes
Turn   | Place    | Note
--------------------------------------------------------------
     0 | D:1      | Hector, the Minotaur Gladiator, began the quest for the Orb.
     0 | D:1      | Reached XP level 1. HP: 18/18 MP: 1/1
   208 | D:1      | Reached skill level 4 in Maces & Flails
   348 | D:1      | Reached XP level 2. HP: 22/25 MP: 1/1
   510 | D:1      | Found a sparkling altar of Nemelex Xobeh.
  1112 | D:2      | Reached skill level 5 in Maces & Flails
  1248 | D:2      | Reached XP level 3. HP: 27/30 MP: 2/2
  1527 | D:2      | Noticed Ijyb
  1562 | D:2      | Killed Ijyb
  1562 | D:2      | Reached skill level 6 in Maces & Flails
  1562 | D:2      | Reached XP level 4. HP: 30/37 MP: 2/2
  2250 | D:3      | Noticed a phantom
  2274 | D:3      | Killed a phantom
  2274 | D:3      | Reached skill level 7 in Maces & Flails
  2274 | D:3      | Reached XP level 5. HP: 30/42 MP: 2/2
  2385 | D:3      | Reached skill level 8 in Maces & Flails
  2399 | D:3      | Killed from afar by an orc wizard

Action                   |  1- 3 |  4- 6 || total
-------------------------+-------+-------++-------
Melee: Flail             |   111 |   106 ||   217
Evoke: Wand              |       |     1 ||     1
  Use: Scroll            |       |     2 ||     2
